 Dungeon Crawl Stone Soup version 0.31-a0-230-g09eb5fc4d3 (webtiles) character file.

Game seed: 4662574471262646869

58 qw the Shooter (level 3, 0/29 HPs)
             Began as a Minotaur Hexslinger on July 6, 2023.
             Slain by a gnoll
             ... wielding a +0 spear
              (6 damage)
             ... on level 3 of the Dungeon.
             The game lasted 00:00:27 (1377 turns).

qw the Shooter (Minotaur Hexslinger)                Turns: 1377, Time: 00:00:27

Health: 0/29       AC:  6    Str: 12    XL:     3   Next: 75%
Magic:  3/3        EV: 12    Int: 10    God:
Gold:   124        SH:  0    Dex: 14    Spells: 3/4 levels left

rFire   . . .        Y - +1 sling
rCold   . . .        (no shield)
rNeg    . . .        d - +3 leather armour
rPois   +            (helmet restricted)
rElec   .            (no cloak)
rCorr   .            (no gloves)
SInv    .            (no boots)
Will    .....        c - amulet of regeneration
Stlth   +            j - ring of poison resistance
HPRegen 1.04/turn    (no ring)
MPRegen 0.08/turn

%: no passive effects
@: brilliant
A: horns 2, retaliatory headbutt
a: no special abilities


You were on level 3 of the Dungeon.
You visited 1 branch of the dungeon, and saw 3 of its levels.

You collected 124 gold pieces.


Innate Abilities, Weirdness & Mutations

You have a pair of horns on your head.
You reflexively headbutt those who attack you in melee.


   Skills:
 - Level 2.0 Fighting
 + Level 4.3 Ranged Weapons
 - Level 2.1 Dodging
 - Level 1.0 Spellcasting
 - Level 2.0 Hexes


You had 3 spell levels left.
You knew the following spells:

 Your Spells              Type           Power      Damage    Failure   Level
a - Slow                  Hex            24%        N/A       19%         1

Your spell library contained the following spells:

 Spells                   Type           Power      Damage    Failure   Level
 Inner Flame              Hex/Fire       3%         N/A       65%         3
 Portal Projectile        Hex/Tloc       6%         N/A       65%         3
 Cause Fear               Hex            3%         N/A       88%         4

Inventory:

Hand Weapons
 Y - a +1 sling (weapon)
Armour
 d - a +3 leather armour (worn)
Jewellery
 c - an amulet of regeneration (around neck)
 j - a ring of poison resistance (left hand)
Scrolls
 h - a scroll of identify
Potions
 e - a potion of enlightenment {unknown}
 i - a potion of ambrosia {unknown}
 k - a potion of lignification {unknown}

Dungeon Overview and Level Annotations

Branches:
Dungeon (3/15)

Altars:


Message History

The gnoll closely misses you.
You shoot a sling bullet.
The sling bullet closely misses the rat.
The rat closely misses you. The gnoll barely misses you. The gnoll misses you.
The gnoll completely misses you.
You shoot a sling bullet. The sling bullet hits the rat.
You kill the rat!
The gnoll hits you from afar with a +0 spear.
The gnoll hits you but does no damage. The gnoll completely misses you.
1371 ||| DRINKING potion of heal wounds.
You feel much better.
The gnoll hits you from afar with a +0 spear. x2
The gnoll hits you but does no damage.
You shoot a sling bullet.
The sling bullet barely misses the gnoll.
The gnoll hits you from afar with a +0 spear.
The gnoll barely misses you. The gnoll hits you but does no damage.
You shoot a sling bullet. The sling bullet hits the gnoll.
The gnoll is moderately wounded.
The gnoll closely misses you. x2; The gnoll barely misses you.
The gnoll completely misses you.
The gnoll hits you from afar with a +0 spear.
The gnoll barely misses you.
You shoot a sling bullet.
The sling bullet barely misses the gnoll.
The gnoll barely misses you. The gnoll misses you. The gnoll barely misses you.
You shoot a sling bullet. The sling bullet hits the gnoll.
The gnoll is severely wounded.
The gnoll hits you from afar with a +0 spear!
The gnoll barely misses you. The gnoll closely misses you.
You shoot a sling bullet.
The sling bullet hits the gnoll but does no damage.
The gnoll is severely wounded.
The gnoll hits you but does no damage.
The gnoll hits you from afar with a +0 spear. x2
You shoot a sling bullet.
The sling bullet closely misses the gnoll.
The gnoll closely misses you. The gnoll barely misses you.
The gnoll hits you from afar with a +0 spear.
You die...

#.........
#.........
#.........
.........
.........
#........
##..g.....
#.@.gg....
#<..g.....
#.........
#.........
#......)..
##........
##......#
.###### ##


You could see 4 gnolls.

Vanquished Creatures
  2 adders
  A worm (D:2)
  3 bats
  2 endoplasms (D:1)
  A giant cockroach (D:1)
  3 goblins
  3 hobgoblins
  2 jackals (D:2)
  6 kobolds
  A quokka (D:2)
  4 ball pythons
  2 frilled lizards (D:2)
  4 rats
34 creatures vanquished.

Notes
Turn   | Place    | Note
-------+----------+-------------------------------------------
     0 | D:1      | qw the Minotaur Hexslinger began the quest for the Orb.
     0 | D:1      | Reached XP level 1. HP: 16/16 MP: 1/1
     0 | D:1      | 0 ||| qw: Version: 0.3-a-46-gb1f654a
     0 | D:1      | 0 ||| qw: Game counter: 1799
     0 | D:1      | 0 ||| qw: Melee chars always use a shield: true
     0 | D:1      | 0 ||| qw: God list: Okawaru
     0 | D:1      | 0 ||| qw: Allow faded altars: false
     0 | D:1      | 0 ||| qw: Do Orc after clearing Dungeon:15 true
     0 | D:1      | 0 ||| qw: Do second Lair branch before Depths: true
     0 | D:1      | 0 ||| qw: Lair rune preference: random
     0 | D:1      | 0 ||| qw: Goals: Normal
     0 | D:1      | 0 ||| PLANNING D:1-11
   176 | D:1      | Reached skill level 3 in Ranged Weapons
   176 | D:1      | Reached XP level 2. HP: 21/23 MP: 2/2
   293 | D:1      | Found a faded altar of an unknown god.
   592 | D:1      | 592 ||| UPGRADING to +3 leather armour.
   602 | D:1      | 602 ||| DROPPING +0 robe.
   603 | D:1      | 603 ||| UPGRADING to ring of poison resistance.
   604 | D:1      | 604 ||| READING scroll labelled YBUFEU VALLAOCSEZ.
   605 | D:1      | 605 ||| READING 2 scrolls labelled XISUEDAMAPT.
   606 | D:1      | 606 ||| DRINKING 2 pink potions.
   607 | D:1      | 607 ||| DROPPING scroll of poison.
   938 | D:2      | Reached XP level 3. HP: 29/29 MP: 3/3
  1187 | D:2      | Reached skill level 4 in Ranged Weapons
  1322 | D:2      | 1322 ||| UPGRADING to amulet of regeneration.
  1327 | D:2      | 1327 ||| READING scroll labelled MIBRUSCH NAUK.
  1331 | D:2      | 1331 ||| READING scroll labelled LUDDYCVYONA.
  1332 | D:2      | 1332 ||| DRINKING 2 grey potions.
  1333 | D:2      | 1333 ||| DROPPING potion of brilliance.
  1370 | D:3      | HP: 6/29 [gnoll/+0 spear (4)]
  1371 | D:3      | 1371 ||| DRINKING potion of heal wounds.
  1376 | D:3      | HP: 5/29 [gnoll/+0 spear (4)]
  1377 | D:3      | Slain by a gnoll

Levels and vault maps discovered:
D:1:      scummos_arrival_forest, layout_loops_ring,
          chequers_ecumenical_altar_lobes
D:2:      layout_loops_ring
D:3:      layout_rooms, lemuel_tele_altar, mainiacjoe_overflow_brackets

Skill      XL: |  1  2  3 |
---------------+----------+-----
Ranged Weapons | 3 4 |  4.3
Fighting       | 2 |  2.0
Dodging        | |  2.1
Spellcasting   | |  1.0
Hexes          | |  2.0

Action                     || total
---------------------------++-------
   Fire: Sling             ||    96
    Use: Scroll            ||     4
         Potion            ||     3
 Armour: Robe              ||     1
         Leather armour    ||    16
  Dodge: Dodged            ||    41

Table legend:
 A = Non-vault XP
 B = Vault XP
 C = Vault XP percentage of total XP
 D = Non-vault monster count
 E = Vault monster count
 F = Vault count percentage of total count
                 A         B        C        D         E       F
            +---------+---------+-------+---------+---------+-------
      Total |      83 |       0 |   0.0 |      34 |       0 |   0.0
            +---------+---------+-------+---------+---------+-------
        D:1 |      23 |       0 |   0.0 |      13 |       0 |   0.0
        D:2 |      44 |       0 |   0.0 |      18 |       0 |   0.0
        D:3 |      16 |       0 |   0.0 |       3 |       0 |   0.0
            +---------+---------+-------+---------+---------+-------
